 Dungeon Crawl Stone Soup version 0.30-a0-782-ge64f9170bb (webtiles) character file.

Game seed: 7851448724459268691

2090 Zeus77 the Cleaver (level 9, -6/81 HPs)
             Began as a Minotaur Berserker on Mar 4, 2023.
             Was a Priest of Trog.
             Mangled by a gnoll bouda
             ... wielding a +0 club
              (8 damage)
             ... on level 7 of the Dungeon.
             The game lasted 00:11:44 (5475 turns).

Zeus77 the Cleaver (Minotaur Berserker)             Turns: 5475, Time: 00:11:44

Health: -6/81      AC:  6    Str: 27    XL:     9   Next: 6%
Magic:  8/8        EV: 13    Int:  4    God:    Trog [***...]
Gold:   361        SH:  0    Dex:  9    Spells: 8/8 levels left

rFire   . . .      SeeInvis .    a - +0 hand axe
rCold   . . .      Faith    .    (no shield)
rNeg    . . .      Spirit   .    b - +0 animal skin
rPois   .          Reflect  +    (helmet restricted)
rElec   .          Harm     .    (no cloak)
rCorr   .          Rampage  .    (no gloves)
Will    .....      Clarity  +    (no boots)
Stlth   +                        t - amulet of reflection
HPRegen 0.33/turn                l - +4 ring of protection
MPRegen 0.11/turn                (no ring)

@: confused, ambrosia-drunk, attractive, flying
A: horns 2, retaliatory headbutt, clarity
a: Renounce Religion, Berserk, Trog's Hand


You were on level 7 of the Dungeon.
You worshipped Trog.
Trog was most pleased with you.
You visited 1 branch of the dungeon, and saw 7 of its levels.

You collected 361 gold pieces.

Inventory:

Hand Weapons
 a - a +0 hand axe (weapon)
Missiles
 s - a throwing net (quivered)
Armour
 b - a +0 animal skin (worn)
Jewellery
 d - a ring of resist corrosion
 l - a +4 ring of protection (left hand)
 q - a ring of fire
 t - an amulet of reflection (around neck)
 A - a ring of see invisible
Scrolls
 c - 2 scrolls of noise {unknown}
 e - a scroll of acquirement {unknown}
 f - 5 scrolls of identify {unknown}
 g - 3 scrolls of teleportation {unknown}
 h - 2 scrolls of magic mapping {unknown}
 j - a scroll of fear {unknown}
 m - a scroll of enchant weapon {unknown}
 n - a scroll of immolation {unknown}
 o - 3 scrolls of poison {unknown}
 u - a scroll of torment {unknown}
 y - a scroll of enchant armour {unknown}
 D - a scroll of brand weapon {unknown}
Potions
 k - a potion of mutation
 v - a potion of berserk rage {unknown}
 w - 2 potions of lignification {unknown}
 x - a potion of heal wounds {unknown}
 z - a potion of brilliance {unknown}
 C - a potion of ambrosia


   Skills:
 + Level 8.0 Fighting
 + Level 8.0 Axes
 + Level 7.5 Armour
 + Level 6.8 Dodging


You had 8 spell levels left.
You didn't know any spells.
Your spell library was empty.

Dungeon Overview and Level Annotations

Branches:
Dungeon (7/15)             Temple (0/1) D:5

Altars:
Cheibriados
Fedhas
Makhleb
Nemelex Xobeh
Okawaru
Qazlal
Ru
Sif Muna
Trog
Uskayaw
Wu Jian
Yredelemnul
Zin

Shops:
D:3 *

Annotations:
D:7 Pikel


Innate Abilities, Weirdness & Mutations

You have a pair of horns on your head.
You reflexively headbutt those who attack you in melee.
You possess an exceptional clarity of mind.


Message History

You are too injured to fight recklessly!
You are too injured to fight recklessly!
You are too injured to fight recklessly!
You are too injured to fight recklessly!
You slash something! You slash the gnoll! You hit the lemure.
You hit the lemure but do no damage. You closely miss the gnoll bouda.
You closely miss the gnoll. The gnoll completely misses you.
The gnoll hits you but does no damage. The gnoll misses you.
Something hits you.
* * * LOW HITPOINT WARNING * * *
The gnoll completely misses you. You furiously retaliate!
You headbutt the gnoll. The gnoll bouda completely misses you.
You furiously retaliate!
You headbutt the gnoll bouda! You block the lemure's attack.
The lemure misses you. You furiously retaliate!
You headbutt the lemure!
You are too injured to fight recklessly!
You are too injured to fight recklessly!
You are too injured to fight recklessly!
You are too injured to fight recklessly!
You are too injured to fight recklessly!
You are too injured to fight recklessly!
You barely miss something. You hit the gnoll. You hit the lemure. x2
You hit the gnoll bouda but do no damage.
You hit the gnoll but do no damage. The gnoll hits you with a +0 halberd!
* * * LOW HITPOINT WARNING * * *
The gnoll barely misses you.
The gnoll bouda calls upon its god to heal the gnoll.
The gnoll is healed somewhat.
The gnoll barely misses you. Something hits you.
* * * LOW HITPOINT WARNING * * *
The lemure hits you.
* * * LOW HITPOINT WARNING * * *
You block the gnoll's attack. The lemure barely misses you.
You are too injured to fight recklessly!
It was a potion of ambrosia.
You are confused.
You feel invigorated. The gnoll closely misses you.
The gnoll hits you from afar with a +0 spear.
* * * LOW HITPOINT WARNING * * *
The gnoll bouda hits you with a +0 club!
You die...

###..##.#.###
....... >.........#
....... #####.#.###
....... #.#.###
...... #.#...# ###
..ยง.5#######.###.#
..#####
#5gg.....#.....#
..#...#
#Kggg).........#
..#...#
#{5@{..........#
..#...#
#.5............+
..+...#
#..............#
..#...#
#..............#
......#
#########(###..#
......# #.# #..#
......# #.# ###
......# ......#


You could see Pikel, 4 lemures, a gnoll bouda and 4 gnolls.

Vanquished Creatures
  Grinder (D:5)
  Prince Ribbit (D:7)
  A water moccasin (D:6)
  4 black bears
  An ogre (D:6)
  A centaur (D:7)
  A phantom (D:6)
  A necrophage (D:5)
  A bullfrog (D:6)
  5 scorpions
  A jelly (D:5)
  4 orc priests
  3 iguanas
  Natasha (D:2)
  5 orc wizards
  3 gnolls (D:4)
  7 adders
  A worm (D:4)
  4 dart slugs
  15 orcs
  7 bats
  6 endoplasms
  A giant cockroach (D:1)
  8 goblins
  12 hobgoblins
  12 ball pythons
  A frilled lizard (D:3)
  7 kobolds
  5 rats
120 creatures vanquished.

Notes
Turn   | Place    | Note
-------+----------+-------------------------------------------
     0 | D:1      | Zeus77 the Minotaur Berserker began the quest for the Orb.
     0 | D:1      | Reached XP level 1. HP: 19/19 MP: 0/0
    96 | D:1      | Reached XP level 2. HP: 22/27 MP: 1/1
   199 | D:1      | Found a faded altar of an unknown god.
   746 | D:2      | Reached XP level 3. HP: 21/33 MP: 2/2
   866 | D:2      | Reached ** piety under Trog
  1126 | D:2      | Noticed Natasha
  1132 | D:2      | Killed Natasha
  1133 | D:2      | Reached XP level 4. HP: 32/41 MP: 3/3
  1599 | D:3      | Found Aroushrua's General Store.
  1693 | D:3      | Found a blossoming altar of Fedhas.
  1694 | D:3      | Found a shimmering blue altar of Sif Muna.
  1851 | D:4      | Reached XP level 5. HP: 47/47 MP: 4/4
  2098 | D:4      | Noticed a black bear
  2107 | D:4      | Killed a black bear
  2108 | D:4      | Reached skill level 5 in Fighting
  2108 | D:4      | Reached skill level 5 in Axes
  2108 | D:4      | Reached XP level 6. HP: 56/56 MP: 5/5
  2125 | D:4      | Reached *** piety under Trog
  2283 | D:4      | Found a glowing silver altar of Zin.
  2288 | D:4      | Found a hide-covered altar of Uskayaw.
  2289 | D:4      | Found a sparkling altar of Nemelex Xobeh.
  2291 | D:4      | Found a burning altar of Makhleb.
  2291 | D:4      | Found a snail-covered altar of Cheibriados.
  2291 | D:4      | Found an iron altar of Okawaru.
  2295 | D:4      | Found a bloodstained altar of Trog.
  2296 | D:4      | Found an ornate altar of the Wu Jian Council.
  2297 | D:4      | Found a basalt altar of Yredelemnul.
  2298 | D:4      | Found a stormy altar of Qazlal.
  2309 | D:4      | Found a sacrificial altar of Ru.
  3151 | D:5      | Entered Level 5 of the Dungeon
  3151 | D:5      | Found a staircase to the Ecumenical Temple.
  3317 | D:5      | Reached skill level 5 in Armour
  3317 | D:5      | Reached XP level 7. HP: 52/62 MP: 6/6
  3472 | D:5      | Noticed Grinder
  3480 | D:5      | Paralysed by Grinder for 2 turns
  3487 | D:5      | Killed Grinder
  3488 | D:5      | Reached skill level 5 in Dodging
  3783 | D:5      | Reached XP level 8. HP: 67/71 MP: 7/7
  5228 | D:7      | Noticed Prince Ribbit
  5241 | D:7      | Killed Prince Ribbit
  5392 | D:7      | Reached XP level 9. HP: 81/81 MP: 8/8
  5465 | D:7      | Gained mutation: You possess an exceptional clarity of
                  | mind. [potion of mutation]
  5470 | D:7      | Noticed Pikel
  5474 | D:7      | HP: 3/81 [lemure[Pikel] (4)]
  5475 | D:7      | Mangled by a gnoll bouda

Illustrated notes

Levels and vault maps discovered:
D:1:      elethiomel_arrival_quiet, layout_loops_ring,
          ebering_ecumenical_altar_petrified
D:2:      minmay_angry_zag, layout_rooms, uniq_natasha
D:3:      layout_rooms, gammafunk_temple_overflow_pools, serial_shops,
          nicolae_shop_advertising_works [nicolae_subvault_shop_adworks],
          grunt_ministairs_13
D:4:      kennysheep_spiral_hall, layout_rooms, minitemple
D:5:      layout_rooms, minmay_temple_entry_statues_fountains, uniq_grinder
D:6:      layout_cave_pods, serial_rivers, chequers_serial_rivers_large_b,
          chequers_serial_rivers_micro_e, chequers_serial_rivers_micro_c,
          chequers_serial_rivers_micro_a, chequers_serial_rivers_room_a,
          chequers_serial_rivers_micro_a, minivault_1, item_on_display_a
D:7:      layout_basic, kennysheep_small_spiral, uniq_prince_ribbit1, uniq_pikel

Skill      XL: |  1  2  3  4  5  6  7  8  9 |
---------------+----------------------------+-----
Axes           | 4 5 6 8 |  8.0
Fighting       | 4 5 6 7 8 |  8.0
Armour         | 3 4 5 6 7 |  7.5
Dodging        | 3 4 5 6 |  6.8

Action                     |  1- 3 |  4- 6 |  7- 9 || total
---------------------------+-------+-------+-------++-------
  Melee: Hand axe          |    81 |    97 |   168 ||   346
         Headbutt          |     8 |    12 |    31 ||    51
 Invoke: Berserk           |       |     3 |     3 ||     6
    Use: Potion            |       |       |     8 ||     8
   Stab: Sleeping          |     1 |     1 |       ||     2
 Armour: Animal skin       |    23 |    40 |    59 ||   122
  Dodge: Dodged            |    67 |    78 |   139 ||   284
  Block: Other             |       |       |     9 ||     9

Table legend: (Time is in decaauts)
 A = Elapsed time spent in this place.
 B = Non-inter-level travel time spent in this place.
 C = Inter-level travel time spent in this place.
 D = Time resting spent in this place.
 E = Time spent auto-exploring this place.
 F = Levels seen in this place.
 G = Mean time per level.
                   A        B        C        D        E       F      G
               +--------+--------+--------+--------+--------+-----+--------+
         Total |   5559 |   5423 |    136 |    300 |   3761 |   7 |  794.1 |
       Dungeon |   5559 |   5423 |    136 |    300 |   3761 |   7 |  794.1 |
               +--------+--------+--------+--------+--------+-----+--------+

Top non-repeatable levels by time:
     D:4: 1396 daAuts
     D:6: 1353 daAuts
     D:1: 695 daAuts
     D:5: 667 daAuts
     D:2: 575 daAuts
     D:3: 509 daAuts
     D:7: 361 daAuts
